 Dungeon Crawl Stone Soup version 0.31-a0-1082-g7d1fb776a8 (webtiles) character file.

Game seed: 10267382512889703761

619 Gumption the Digger (level 7, -1/40 HPs)
             Began as a Gargoyle Earth Elementalist on Nov 27, 2023.
             Was an Initiate of the Shining One.
             Killed by divine providence
             ... invoked by an orc priest
              (10 damage)
             ... on level 5 of the Dungeon.
             The game lasted 00:40:03 (4475 turns).

Gumption the Digger (Gargoyle Earth Elementalist)   Turns: 4475, Time: 00:40:04

Health: -1/40      AC: 10    Str: 12    XL:     7   Next: 46%
Magic:  10/12      EV: 10    Int: 17    God:    the Shining One [......]
Gold:   161        SH:  0    Dex: 10    Spells: 2/12 levels left

rFire   . . .        b - +1 sling (heavy)
rCold   . . .        (no shield)
rNeg    + . .        p - +0 ring mail
rPois   ∞            (no helmet)
rElec   +            (no cloak)
rCorr   .            (no gloves)
SInv    .            (no boots)
Will    .....        (no amulet)
Stlth   +            (no ring)
HPRegen 0.26/turn    (no ring)
MPRegen 0.13/turn

%: no passive effects
@: glowing
A: sickness immunity, AC +4, negative energy resistance 1, electricity
resistance, torment resistance 1, petrification resistance
a: Renounce Religion


You were on level 5 of the Dungeon.
You worshipped the Shining One.
The Shining One was noncommittal.
You visited 1 branch of the dungeon, and saw 5 of its levels.

You collected 161 gold pieces.

Inventory:

Hand Weapons
 a - a +1 short sword of venom
 b - a +1 heavy sling (weapon)
 s - a +0 sling
Missiles
 e - 6 poisoned darts
 k - 5 atropa-tipped darts
 o - 4 javelins
Armour
 p - a +0 ring mail (worn)
Magical Staves
 l - a staff of cold
Scrolls
 c - a scroll of blinking {unknown}
 j - a scroll of noise {unknown}
 q - a scroll of silence {unknown}
 t - a scroll of fog {unknown}
Potions
 d - a potion of invisibility {unknown}
 f - a potion of lignification {unknown}
 g - 5 potions of curing
 h - 3 potions of heal wounds
 i - 2 potions of brilliance
 m - a potion of resistance {unknown}
 n - a potion of magic
 r - 2 potions of mutation {unknown}


   Skills:
 - Level 2.0 Fighting
 * Level 3.5 Armour
 - Level 1.5 Dodging
 - Level 2.1 Stealth
 + Level 3.3 Spellcasting
 + Level 2.8 Conjurations
 - Level 2.0 Transmutations
 * Level 6.5 Earth Magic


You had 2 spell levels left.
You knew the following spells:

 Your Spells              Type           Power      Damage    Failure   Level
a - Sandblast             Erth           50%        2d12      2%          1
b - Passwall              Tmut/Erth      14%        N/A       10%         2
c - Stone Arrow           Conj/Erth      36%        3d9       16%         3
d - Brom's Barrelling Bo  Conj/Erth      18%        2d4       45%         4

Your spell library contained the following spells:

 Spells                   Type           Power      Damage    Failure   Level
 Petrify                  Tmut/Erth      17%        N/A       52%         4
 Malign Gateway           Summ/Tloc      1%         N/A       100%        7
 Summon Horrible Things   Summ           1%         N/A       100%        8


Dungeon Overview and Level Annotations

Branches:
Dungeon (5/15)
 Temple: D:4-7

Altars:
Sif Muna
The Shining One

Annotations:
D:3 1 runed translucent door, exclusion: door, Crazy Yiuf


Innate Abilities, Weirdness & Mutations

You are immune to sickness and miasma.
Your stone body is resilient. (AC +4)
You are immune to poison.
You resist negative energy. (rN+)
You are resistant to electric shocks. (rElec)
You are resistant to unholy torment.
You are immune to petrification.


Message History

The orc wizard is lightly wounded.
An orc priest comes into view. It is wielding a +0 club.
Fire: b) +1 sling (heavy)
Press: ? - help, Q - select action, (/) - cycle Shift-Dir - straight line, f/p - orc wizard
Aim: an orc wizard, wielding a +2 dagger of venom and wearing a +0 robe (lightly wounded, 45% to hit)
You shoot a sling bullet. The sling bullet hits the orc wizard.
The orc wizard is moderately wounded.
The orc priest calls down the wrath of Beogh upon you.
Beogh smites you!
* * * LOW HITPOINT WARNING * * *
An orc priest comes into view. It is wielding a +0 sling.
The orc wizard casts a spell at you.
The magic dart hits you but does no damage.
The orc wizard points at you and mumbles some strange words.
The magic dart hits you.
* * * LOW HITPOINT WARNING * * *
An orc wizard comes into view. It is wielding a +0 dagger.
The orc wizard shouts!
Casting: Sandblast (safe; 2% risk of failure)
Confirm with . or Enter, or press ? or * to list all spells.
Aiming: Sandblast (safe; 2% risk of failure)
Press: ? - help, Shift-Dir - straight line, f/p - orc wizard
Aim: an orc wizard, wielding a +2 dagger of venom and wearing a +0 robe (moderately wounded, 79% to hit)
The blast of sand hits the orc wizard.
The orc wizard is heavily wounded.
The orc priest shouts!
Casting: Sandblast (safe; 2% risk of failure)
Confirm with . or Enter, or press ? or * to list all spells.
Aiming: Sandblast (safe; 2% risk of failure)
Press: ? - help, Shift-Dir - straight line, f/p - orc wizard
Aim: an orc wizard, wielding a +2 dagger of venom and wearing a +0 robe (heavily wounded, 79% to hit)
The blast of sand misses the orc wizard.
The orc wizard casts a spell at you. You resist with some effort.
The orc priest invokes the aid of Beogh against you.
Beogh smites you!
* * * LOW HITPOINT WARNING * * *
The orc priest mumbles some strange prayers to Beogh against you.
Beogh smites you!
You die...

############
#.....@.$..#
#..........#
#.....o....#
#.....o....#
####.....oo...#
#>.'..........+
#.##..........#
#.#######.....#
#.# #..###


You could see 2 orc priests and 2 orc wizards.

Vanquished Creatures
  Grinder (D:3)
  A scorpion (D:4)
  2 orc priests (D:3)
  4 hounds
  An iguana (D:4)
  8 adders
  A worm (D:2)
  2 dart slugs (D:2)
  15 orcs
  3 bats
  5 endoplasms
  A giant cockroach (D:3)
  4 hobgoblins
  6 jackals
  6 kobolds
  5 quokkas
  4 ball pythons
  2 frilled lizards (D:1)
  12 goblins
  8 rats
91 creatures vanquished.

Notes
Turn   | Place    | Note
-------+----------+-------------------------------------------
     0 | D:1      | Gumption the Gargoyle Earth Elementalist began the quest
                  | for the Orb.
     0 | D:1      | Reached XP level 1. HP: 10/10 MP: 3/3
   216 | D:1      | Reached skill level 1 in Transmutations
   232 | D:1      | Reached XP level 2. HP: 16/16 MP: 1/5
   288 | D:1      | Learned a level 2 spell: Passwall
   497 | D:1      | Reached skill level 1 in Fighting
   642 | D:1      | Reached skill level 4 in Earth Magic
   894 | D:1      | Reached XP level 3. HP: 20/20 MP: 6/6
  1073 | D:1      | Learned a level 3 spell: Stone Arrow
  1889 | D:3      | Reached XP level 4. HP: 25/25 MP: 4/7
  2024 | D:3      | Reached skill level 1 in Conjurations
  2327 | D:3      | Found a runed translucent door.
  2328 | D:3      | Noticed Crazy Yiuf
  2571 | D:3      | Found a shimmering blue altar of Sif Muna.
  2810 | D:3      | Reached XP level 5. HP: 25/30 MP: 8/8
  2824 | D:3      | Reached skill level 5 in Earth Magic
  2914 | D:3      | Noticed Grinder
  2929 | D:3      | Killed Grinder
  2930 | D:3      | Reached XP level 6. HP: 32/35 MP: 2/10
  3022 | D:3      | Found a glowing golden altar of the Shining One.
  3034 | D:3      | Became a worshipper of the Shining One
  3638 | D:4      | Reached skill level 6 in Earth Magic
  3698 | D:4      | Reached XP level 7. HP: 40/40 MP: 8/11
  4222 | D:5      | Entered Level 5 of the Dungeon
  4362 | D:5      | Learned a level 4 spell: Brom's Barrelling Boulder
  4475 | D:5      | Killed from afar by an orc priest

Illustrated notes

Levels and vault maps discovered:
D:1:      dpeg_arrival_shelter, layout_loops_ring, serial_glass,
          glass_columns_a, glass_columns_c, minmay_tetromino_s2
D:2:      layout_loops_ring, st_stairs_13
D:3:      layout_basic, nicolae_tso_carved_into_rock, led_sif_book,
          uniq_grinder, uniq_crazy_yiuf_cottage
D:4:      layout_basic, serial_rivers, chequers_serial_rivers_large_b,
          chequers_serial_rivers_micro_b, chequers_serial_rivers_small_3,
          chequers_serial_rivers_marsh
D:5:      layout_basic, mainiacjoe_overflow_alcove_2,
          nicolae_twisty_statue_hallways

Skill      XL: |  1  2  3  4  5  6  7 |
---------------+----------------------+-----
Transmutations | 1 2 |  2.0
Fighting       | 1 2 |  2.0
Earth Magic    | 4 5 6 |  6.5
Conjurations   | 1 2 |  2.8
Armour         | 2 3 |  3.5
Spellcasting   | 3 |  3.3
Dodging        | |  1.5
Stealth        | |  2.1

Action                     |  1- 3 |  4- 6 |  7- 9 || total
---------------------------+-------+-------+-------++-------
  Melee: Unarmed           |    11 |       |       ||    11
         Whip              |    10 |       |       ||    10
         Short sword       |    10 |    19 |       ||    29
         Dagger            |     3 |       |       ||     3
   Fire: Sling             |       |     9 |     6 ||    15
  Throw: Dart              |       |       |     1 ||     1
   Cast: Sandblast         |    36 |    59 |    25 ||   120
    Use: Scroll            |       |     3 |       ||     3
 Armour: Robe              |    28 |       |       ||    28
         Leather armour    |     2 |    10 |       ||    12
         Ring mail         |       |    23 |    17 ||    40
  Dodge: Dodged            |    31 |    12 |    10 ||    53

Table legend: (Time is in decaauts)
 A = Elapsed time spent in this place.
 B = Non-inter-level travel time spent in this place.
 C = Inter-level travel time spent in this place.
 D = Time resting spent in this place.
 E = Time spent auto-exploring this place.
 F = Levels seen in this place.
 G = Mean time per level.
                   A        B        C        D        E       F      G
               +--------+--------+--------+--------+--------+-----+--------+
         Total |   4573 |   4417 |    156 |   1004 |    768 |   5 |  914.6 |
       Dungeon |   4573 |   4417 |    156 |   1004 |    768 |   5 |  914.6 |
               +--------+--------+--------+--------+--------+-----+--------+

Top non-repeatable levels by time:
     D:3: 1538 daAuts
     D:1: 1120 daAuts
     D:4: 897 daAuts
     D:2: 754 daAuts
     D:5: 261 daAuts
